 Dungeon Crawl Stone Soup version 0.19.5 (webtiles) character file.

314272 JeffiDaFish the Warrior (level 21, -1/142 HPs)
             Began as a Gargoyle Fighter on Sept 5, 2017.
             Was the Champion of Okawaru.
             Slain by a vault warden
             ... wielding a +2 dire flail of holy wrath
              (39 damage)
             ... on level 3 of the Vaults on Sept 6, 2017.
             The game lasted 01:51:56 (39778 turns).

JeffiDaFish the Warrior (Gargoyle Fighter)         Turns: 39778, Time: 01:51:56

Health: -1/142     AC: 54    Str: 23    XL:     21   Next: 35%
Magic:  25/25      EV: 21    Int: 12    God:    Okawaru [******]
Gold:   1949       SH: 25    Dex: 37    Spells: 0 memorised, 20 levels left

rFire  + . .     SeeInvis +     p - +11 whip of a volcano {slash, +Fly rC+ Str+2 Dex+4}
rCold  + + .     Gourm    .     N - +5 plate armour {rC+}
rNeg   + + .     Faith    .     Q - +1 large shield {reflect}
rPois  ∞         Spirit   .     m - +2 helmet {SInv}
rElec  +         Reflect  +     K - +1 cloak of Absence {+Blink Dex+5}
rCorr  .         Harm     .     O - +2 pair of gloves {Dex+3}
MR     +....     Rnd*Rage +     M - +2 pair of boots {Stlth+}
Stlth  ..........               d - amulet "Wemuoph" {RegenMP +Blink rF+ rN+ Dex+4}
                                j - +4 ring of dexterity
                                y - +4 ring of evasion

@: marked
A: big wings, slimy green scales 1, thin skeletal structure 1, berserk 1, low mp
1, negative energy resistance 1, electricity resistance, unbreathing,
petrification resistance, rot immunity, AC +15
a: Fly, Heroism, Finesse, Renounce Religion, Evoke Blink, Evoke Flight
}: 2/15 runes: decaying, serpentine


You were on level 3 of the Vaults.
You worshipped Okawaru.
Okawaru was exalted by your worship.
You were hungry.

You visited 7 branches of the dungeon, and saw 35 of its levels.
You also visited: Bailey and Ice Cave.

You collected 4587 gold pieces.
You spent 2638 gold pieces at shops.

Inventory:

Hand Weapons
 b - a +5 morningstar of protection
 p - the +11 whip of a volcano (weapon) {slash, +Fly rC+ Str+2 Dex+4}
   (You found it on level 4 of the Dungeon)

   It inflicts extra damage upon your enemies.
   It affects your strength (+2).
   It affects your dexterity (+4).
   It protects you from cold.
   It lets you fly.
Armour
 m - a +2 helmet of see invisible (worn)
 K - the +1 cloak of Absence (worn) {+Blink Dex+5}
   (You found it on level 14 of the Dungeon)

   It affects your dexterity (+5).
   It lets you blink.
 M - a +2 pair of boots of stealth (worn)
 N - a +5 plate armour of cold resistance (worn)
 O - a +2 pair of gloves of dexterity (worn)
 Q - a +1 large shield of reflection (worn)
Jewellery
 d - the amulet "Wemuoph" (around neck) {RegenMP +Blink rF+ rN+ Dex+4}
   (You bought it in a shop on level 2 of the Snake Pit)

   [amulet of magic regeneration]

   It increases your magic regeneration.
   It affects your dexterity (+4).
   It protects you from fire.
   It protects you from negative energy.
   It lets you blink.
 j - a +4 ring of dexterity (right hand)
 y - a +4 ring of evasion (left hand)
 z - an uncursed ring of ice
Wands
 e - a wand of hasting (2/9)
 i - a wand of teleportation (6/9)
Scrolls
 k - 12 scrolls of identify
 o - a scroll of blinking
 r - 2 scrolls of amnesia
 t - a scroll of magic mapping
 u - 20 scrolls of remove curse
 v - 6 scrolls of fog
 F - 4 scrolls of fear
Potions
 l - 10 potions of haste
 n - 2 potions of cancellation
 s - 2 potions of resistance
 A - a potion of curing
 C - 5 potions of agility
 I - 2 potions of magic
Books
 a - a book of Maledictions

   Spells                             Type                      Level
   a - Corona                         Hexes                        1
   b - Ensorcelled Hibernation        Hexes/Ice                    2
   c - Confuse                        Hexes                        3
   d - Tukima's Dance                 Hexes                        3
   e - Dazzling Spray                 Conjuration/Hexes            3
 B - a book of Clouds

   Spells                             Type                      Level
   a - Mephitic Cloud                 Conjuration/Poison/Air       3
   b - Conjure Flame                  Conjuration/Fire             3
   c - Poisonous Cloud                Conjuration/Poison/Air       6
   d - Freezing Cloud                 Conjuration/Ice/Air          6
   e - Ring of Flames                 Charms/Fire                  7
Miscellaneous
 J - a lamp of fire
Comestibles
 f - 20 bread rations
 h - 4 slices of pizza
 q - 23 meat rations
 x - 15 fruits
 D - 8 beef jerkies
 E - a royal jelly


   Skills:
 * Level 18.4 Fighting
 * Level 16.6 Maces & Flails
 * Level 17.8 Armour
 + Level 11.0 Dodging
 - Level 0.2 Stealth
 * Level 17.8 Shields
 + Level 10.2 Invocations
 + Level 7.9 Evocations


You had 20 spell levels left.
You didn't know any spells.

Dungeon Overview and Level Annotations

Branches:
Dungeon (15/15)            Temple (1/1) D:5            Lair (6/6) D:8
  Swamp (4/4) Lair:3        Snake (4/4) Lair:3        Slime (0/5) Lair:6
    Orc (2/2) D:10            Elf (0/3) Orc:2        Vaults (3/5) D:14
  Crypt (0/3) Vaults:2     Depths (0/5) D:15

Altars:
Ashenzari
Cheibriados
Dithmenos
Elyvilon
Fedhas
Gozag
Hepliaklqana
Kikubaaqudgha
Makhleb
Nemelex Xobeh
Okawaru
Qazlal
Ru
Sif Muna
Trog
Uskayaw
Vehumet
Xom
Yredelemnul
Zin
The Shining One
Beogh

Shops:
Orc:2 ?:!(   Snake:1 [   Snake:2 =}=*=

Portals:
Pandemonium: Orc:2
Trove: Vaults:2 (show abyssal rune of Zot)

Annotations:
Lair:4 exclusion: 4 oklob plants


Innate Abilities, Weirdness & Mutations

You are resistant to torment.
Your stone body is resilient. (AC +15)
You are immune to poison.
Your large and strong wings let you fly indefinitely.
You resist negative energy. (rN+)
You are resistant to electric shocks. (rElec)
You can survive without breathing.
You are immune to petrification.
You are immune to rotting.
You are partially covered in slimy green scales. (AC +2)
You have a somewhat thin skeletal structure. (Dex +2, Stealth)
You tend to lose your temper in combat.
Your magical capacity is low. (-10% MP)


Message History

The yaktaur unwields an uncursed arbalest.
You block the yaktaur's attack.
You whack the yaktaur!
You kill the yaktaur!
Okawaru accepts your kill.
The deep elf mage hits you but does no damage.
You block the orc knight's attack.
Items here: ( )) [ † an uncursed arbalest; 13 bolts; a dagger; a robe; a yaktaur corpse You block the orc knight's attack.
You block the frost giant's attack.
The frost giant gestures at you while chanting.
The bolt of cold hits you! You resist.
* * * LOW HITPOINT WARNING * * *
You see here a bolt.
You whack the vault warden!
The vault warden is almost dead.
The vault warden no longer looks unusually strong.
The vault warden hits you with a dire flail of holy wrath!!!
You die...

#.,,,,,*,,,,,,,,,,,,,
#..,,,,*,,,,,,,,,,,,,
#..,,,,*######*#+#***
*#.######....,....,*
#.#...#...##.(...,*
##...#.#.#.......,*
#.#.#.#...##.....,*
##.#(.Co)#.......,*
#.#@#.#.#..#....,,*
##..p#p#.#.#***#***
#.#)#(#e#o##
##...#p#c#)#
#.#.).))#))#
##.#....)(∩#
#.#.####### #####


You could see a frost giant, 2 vault wardens, 2 orc knights, an ironbrand
convoker, a yaktaur and a deep elf mage.

Vanquished Creatures
  Mennas (Vaults:3)
  Sojobo (Vaults:3)
  Bai Suzhen (Swamp:4)
  Jorgrun (Snake:2)
  Frances (Snake:2)
  2 tengu reavers (Vaults:3)
  A thorn hunter (Swamp:2)
  The ghost of THUG4L1F3 the Severer, a journeyman DDFi of Makhleb (Orc:2)
  12 nagarajas
  Kirke (Snake:2)
  A fire giant (Vaults:3)
  10 vault wardens
  A frost giant (IceCv)
  Aizul (Snake:1)
  An entropy weaver (Vaults:2)
  7 stone giants
  11 ironheart preservers
  A very ugly thing (Swamp:4)
  2 vampire knights (Vaults:2)
  Nessos (Orc:2)
  A dire elephant (Lair:6)
  3 deep elf annihilators (Vaults:3)
  Snorg (D:12)
  2 crystal guardians (Vaults:2)
  A deep elf death mage (Vaults:3)
  8 yaktaur captains
  A fire dragon (Vaults:3)
  A small abomination (Vaults:3)
  Josephine (D:10)
  19 hydras
  Erolcha (Orc:1)
  13 naga warriors
  5 anacondas
  12 vault guards
  A rakshasa (Vaults:3)
  4 ghost crabs
  4 centaur warriors
  2 catoblepae
  A death knight (Vaults:3)
  4 death yaks
  A deep troll shaman (Lair:6)
  A large abomination (Vaults:3)
  The ghost of Lilxick the Protected, a novice DDFi of Hepliaklqana (D:9)
  11 alligators
  4 shock serpents
  A sun demon (Orc:2)
  5 orc high priests (Orc:2)
  11 naga sharpshooters
  4 deep elf knights
  6 ogre magi
  A soul eater (Orc:2)
  A shadow wraith (Vaults:1)
  5 skeletal warriors
  5 salamander mystics
  2 torturous demonspawn (Orc:2)
  A sea snake (Snake:4)
  2 unseen horrors
  2 gelid demonspawn (Orc:2)
  4 swamp dragons
  4 deep trolls (Vaults:3)
  2 spriggan druids
  5 shambling mangroves
  7 naga ritualists
  3 spectral hydras (Swamp:4)
  5 hill giants
  2 deep elf archers
  5 phantasmal warriors
  5 wizards
  Pikel (D:5)
  A lindwurm (shapeshifter) (Vaults:1)
  10 ironbrand convokers
  20 orc knights
  3 oklob plants
  5 mana vipers
  27 ugly things
  5 deep elf magi
  7 cyclopes
  An orb spider (shapeshifter) (D:14)
  A shining eye (shapeshifter) (D:15)
  10 orc sorcerers
  A manticore (D:12)
  12 salamanders
  3 wolf spiders (Vaults:1)
  Joseph (D:7)
  3 centaur zombies
  24 naga magi
  8 guardian serpents
  11 vault sentinels
  40 black mambas
  6 elephants
  3 gargoyles
  A black mamba (shapeshifter) (Vaults:2)
  A freezing wraith (Vaults:3)
  20 spiny frogs
  2 swamp worm zombies (Swamp:4)
  2 kobold demonologists (D:13)
  10 komodo dragons
  3 rime drakes
  An ice devil (Orc:2)
  33 yaktaurs
  4 hydra zombies (Swamp:4)
  5 trolls
  A merfolk (D:12)
  A tengu conjurer (D:15)
  A queen bee (Lair:4)
  3 meliai (Lair:4)
  20 polar bears
  A troll (shapeshifter) (Vaults:1)
  18 hornets
  5 two-headed ogres
  6 tyrant leeches
  Prince Ribbit (Lair:2)
  11 bog bodies
  4 alligator zombies (Swamp:4)
  20 slime creatures
  3 spectral swamp dragons (Swamp:4)
  16 blink frogs
  7 hippogriffs
  3 redbacks (Vaults:2)
  5 spriggans
  A ynoxinul (Orc:2)
  3 wyverns
  4 water elementals (D:12)
  2 shadows
  56 yaks
  9 wraiths
  2 vampires
  A hog (shapeshifter) (Vaults:3)
  3 basilisks
  A redback simulacrum (D:15)
  3 vampire mosquitoes (Swamp:3)
  4 hungry ghosts
  A naga (shapeshifter) (Vaults:1)
  8 wargs
  15 swamp worms
  61 nagas
  15 insubstantial wisps
  11 water moccasins
  A mottled dragon (D:12)
  52 orc warriors
  4 porcupines
  6 swamp drakes
  12 ice beasts
  4 sky beasts
  A sky beast (shapeshifter) (Vaults:1)
  3 swamp dragon zombies (Swamp:4)
  A slave (D:5)
  3 black bears
  6 necrophages
  4 phantoms (Swamp:4)
  6 boggarts
  An eye of draining (shapeshifter) (Vaults:2)
  8 centaurs
  19 ogres
  26 wolves
  8 crocodiles
  3 big kobolds
  8 gnoll sergeants (Bailey)
  19 bullfrogs
  Blork the orc (D:4)
  A glowing shapeshifter simulacrum (Vaults:2)
  A human simulacrum (Vaults:1)
  5 scorpions
  50 killer bees
  13 wights
  A howler monkey (D:5)
  2 electric eels
  13 crimson imps
  2 bullfrog zombies
  A quasit (D:10)
  A bullfrog skeleton (D:11)
  2 jellies
  9 hounds
  25 orc wizards
  38 orc priests
  6 centaur skeletons
  Ijyb (D:2)
  6 gnoll shamans (Bailey)
  Terence (D:2)
  Natasha (thrice) (D:2)
  4 iguanas
  A spectral swamp drake (Swamp:4)
  15 worker ants
  21 gnolls
  2 worker ant zombies
  Robin (D:2)
  13 adders
  A swamp drake zombie (Swamp:4)
  2 shadow imps
  A white imp (D:14)
  3 oozes
  2 adder skeletons
  5 worms
  A dart slug (D:1)
  8 leopard geckos
  129 orcs
  4 bat zombies (D:4)
  10 giant cockroaches
  17 goblins
  10 hobgoblins
  8 jackals
  8 quokkas
  6 bats
  5 frilled lizards
  20 kobolds
  12 rats
  3 rat zombies (D:4)
  A spectral orc (D:3)
  3 briar patches (Swamp:2)
  2 plants (Lair:5)
1555 creatures vanquished.

Vanquished Creatures (others)
  A stone giant (Vaults:3)
  A yaktaur captain (Vaults:3)
  5 naga sharpshooters
  A naga mage (Snake:4)
  5 yaktaurs
  A naga (Snake:4)
  2 boggarts (Vaults:2)
  An orc wizard (Vaults:3)
  8 fungi
  5 plants
30 creatures vanquished.

Grand Total: 1585 creatures vanquished

Notes
Turn   | Place    | Note
-------+----------+-------------------------------------------
     0 | D:1      | JeffiDaFish the Gargoyle Fighter began the quest for the Orb.
     0 | D:1      | Reached XP level 1. HP: 14/14 MP: 1/1
   105 | D:1      | Reached XP level 2. HP: 19/19 MP: 2/2
   570 | D:1      | Reached XP level 3. HP: 23/23 MP: 3/3
   997 | D:2      | Noticed Robin
  1016 | D:2      | Killed Robin
  1021 | D:2      | Reached XP level 4. HP: 26/29 MP: 4/4
  1038 | D:2      | Reached skill level 1 in Dodging
  1102 | D:2      | Found a faded altar of an unknown god.
  1128 | D:2      | Found a blossoming altar of Fedhas.
  1169 | D:2      | Noticed Terence
  1181 | D:2      | Killed Terence
  1236 | D:2      | Noticed Ijyb
  1266 | D:2      | Killed Ijyb
  1266 | D:2      | Reached skill level 4 in Fighting
  1266 | D:2      | Reached XP level 5. HP: 33/33 MP: 5/5
  1350 | D:2      | Noticed Natasha
  1360 | D:2      | Killed Natasha
  1377 | D:2      | Noticed Natasha
  1381 | D:2      | Killed Natasha
  1508 | D:2      | Noticed Natasha
  1521 | D:2      | Killed Natasha
  1521 | D:2      | Reached XP level 6. HP: 34/38 MP: 6/6
  1776 | D:3      | Found a basalt altar of Yredelemnul.
  2010 | D:3      | Reached skill level 7 in Fighting
  2010 | D:3      | Reached XP level 7. HP: 48/48 MP: 6/9
  2179 | D:3      | Found an opulent altar of Gozag.
  2822 | D:4      | Noticed Blork the orc
  2832 | D:4      | Killed Blork the orc
  2832 | D:4      | Reached XP level 8. HP: 53/53 MP: 10/10
  2998 | D:4      | Got a crystal whip
  2999 | D:4      | Identified the +11 whip of a volcano {slash, +Fly rC+ Str+2 Dex+4} (You found it on level 4 of the Dungeon)
  3144 | D:4      | Found an ancient bone altar of Kikubaaqudgha.
  3286 | D:5      | Entered Level 5 of the Dungeon
  3440 | D:5      | Found a staircase to the Ecumenical Temple.
  3460 | Temple   | Entered the Ecumenical Temple
  4106 | D:5      | Noticed Pikel
  4113 | D:5      | Killed Pikel
  4113 | D:5      | Reached XP level 9. HP: 58/58 MP: 11/11
  4456 | D:6      | Reached skill level 5 in Dodging
  4608 | D:6      | Found a hazy altar of Hepliaklqana.
  4823 | D:6      | Found a faded altar of an unknown god.
  4823 | D:6      | Found a faded altar of an unknown god.
  4828 | D:6      | Found a faded altar of an unknown god.
  4830 | D:6      | Found a radiant altar of Vehumet.
  4831 | D:6      | Found a faded altar of an unknown god.
  5074 | D:7      | Noticed Joseph
  5090 | D:7      | Killed Joseph
  5090 | D:7      | Reached skill level 8 in Fighting
  5124 | D:7      | Reached XP level 10. HP: 62/64 MP: 12/12
  5337 | D:7      | Found a hide-covered altar of Uskayaw.
  5344 | D:7      | Found a snail-covered altar of Cheibriados.
  5594 | D:7      | Found a shimmering altar of Xom.
  5879 | D:8      | Found an iron altar of Okawaru.
  5901 | D:8      | Became a worshipper of Warmaster Okawaru
  6361 | D:8      | Found a staircase to the Lair.
  6555 | Lair:1   | Entered Level 1 of the Lair of Beasts
  6656 | Lair:1   | Noticed a five-headed hydra
  6662 | Lair:1   | Reached * piety under Okawaru
  6680 | Lair:1   | Reached skill level 9 in Fighting
  6692 | Lair:1   | Killed a five-headed hydra
  6692 | Lair:1   | Reached ** piety under Okawaru
  6916 | Lair:1   | Reached XP level 11. HP: 71/71 MP: 13/13
  7440 | Lair:2   | Noticed Prince Ribbit
  7446 | Lair:2   | Killed Prince Ribbit
  7524 | Lair:2   | Reached *** piety under Okawaru
  8296 | Lair:2   | Reached **** piety under Okawaru
  8474 | Lair:3   | Found a staircase to the Snake Pit.
  8488 | Lair:3   | Reached skill level 10 in Fighting
  8491 | Lair:3   | Reached skill level 10 in Armour
  8530 | Lair:3   | Identified the +0 plate armour of Prudence {rElec rN++ MR+++ Str-5} (You found it on level 3 of the Lair of Beasts)
  8762 | Lair:3   | Found a staircase to the Swamp.
  8768 | Lair:3   | Reached skill level 10 in Shields
  8839 | Lair:3   | Noticed a six-headed hydra
  8847 | Lair:3   | Killed a six-headed hydra
  8847 | Lair:3   | Reached ***** piety under Okawaru
  9307 | Lair:4   | Received a gift from Okawaru
  9328 | Lair:4   | Reached XP level 12. HP: 67/78 MP: 14/14
  9468 | Lair:4   | You fall through a shaft for 2 floors!
  9468 | Lair:6   | Entered Level 6 of the Lair of Beasts
  9536 | Lair:6   | Reached skill level 10 in Maces & Flails
  9584 | Lair:6   | Identified the +7 whip of Duty {flame, Dex+3 Stlth+} (You found it on level 6 of the Lair of Beasts)
  9779 | Lair:6   | Noticed a six-headed hydra
  9795 | Lair:6   | Killed a six-headed hydra
  9795 | Lair:6   | Reached skill level 11 in Fighting
  9821 | Lair:6   | Found a staircase to the Slime Pits.
 10006 | Lair:6   | Noticed a catoblepas
 10006 | Lair:6   | Noticed a death yak
 10006 | Lair:6   | Noticed a death yak
 10006 | Lair:6   | Noticed a deep troll shaman
 10007 | Lair:6   | Noticed a death yak
 10024 | Lair:6   | Killed a death yak
 10042 | Lair:6   | Killed a deep troll shaman
 10049 | Lair:6   | Killed a death yak
 10059 | Lair:6   | Killed a catoblepas
 10070 | Lair:6   | Killed a death yak
 10077 | Lair:6   | Noticed a dire elephant
 10109 | Lair:6   | Killed a dire elephant
 10109 | Lair:6   | Received a gift from Okawaru
 10109 | Lair:6   | Reached XP level 13. HP: 50/84 MP: 13/15
 11486 | Lair:4   | Reached skill level 12 in Fighting
 12073 | Lair:4   | Reached ****** piety under Okawaru
 12083 | Lair:4   | Received a gift from Okawaru
 12635 | Lair:4   | Gained mutation: Your large and strong wings let you fly indefinitely. [Gargoyle growth]
 12635 | Lair:4   | Reached XP level 14. HP: 92/92 MP: 16/16
 12691 | Lair:1   | Received a gift from Okawaru
 13054 | D:9      | Noticed Lilxick's ghost (novice DDFi)
 13084 | D:9      | Killed Lilxick's ghost
 13283 | D:10     | Entered Level 10 of the Dungeon
 13505 | D:10     | Noticed Josephine
 13522 | D:10     | Killed Josephine
 13627 | D:10     | Found a staircase to the Orcish Mines.
 14359 | D:11     | Found a frozen archway.
 14417 | IceCv    | Entered an ice cave
 14620 | IceCv    | Reached skill level 13 in Fighting
 14626 | IceCv    | Received a gift from Okawaru
 14893 | IceCv    | Noticed a frost giant
 14920 | IceCv    | Killed a frost giant
 16156 | D:12     | Noticed Snorg
 16187 | D:12     | Killed Snorg
 16743 | D:12     | Reached XP level 15. HP: 96/100 MP: 17/17
 17031 | D:13     | Received a gift from Okawaru
 17128 | D:13     | Found a flagged portal.
 17206 | Bailey   | Entered a bailey
 17614 | D:13     | Found a sacrificial altar of Ru.
 18107 | D:14     | Reached skill level 14 in Fighting
 18143 | D:14     | Got an encrusted cloak
 18154 | D:14     | Identified the +1 cloak of Absence {+Blink Dex+5} (You found it on level 14 of the Dungeon)
 18165 | D:14     | Found a gate to the Vaults.
 18805 | D:15     | Entered Level 15 of the Dungeon
 18862 | D:15     | Gained mutation: You are weak. (Str -2) [a shining eye]
 18865 | D:15     | Gained mutation: You tend to lose your temper in combat. [a shining eye]
 18910 | D:15     | Reached skill level 1 in Evocations
 19016 | D:15     | Found a staircase to the Depths.
 19649 | Orc:1    | Entered Level 1 of the Orcish Mines
 19738 | Orc:2    | Entered Level 2 of the Orcish Mines
 19738 | Orc:2    | Noticed THUG4L1F3's ghost (journeyman DDFi)
 20139 | Orc:2    | Killed THUG4L1F3's ghost
 20404 | Orc:2    | Received a gift from Okawaru
 20412 | Orc:2    | Found Nyvewn's Magic Scroll Shoppe.
 20417 | Orc:2    | Found Kitras's Distillery.
 20985 | Orc:2    | Found a staircase to the Elven Halls.
 20987 | Orc:2    | Noticed Nessos
 21009 | Orc:2    | Paralysed by an orc sorcerer for 3 turns
 21575 | Orc:2    | Killed Nessos
 21907 | Orc:2    | Reached skill level 5 in Invocations
 22405 | Orc:2    | Paralysed by an orc sorcerer for 4 turns
 22441 | Orc:2    | Reached XP level 16. HP: 75/107 MP: 19/19
 22633 | Orc:2    | Paralysed by an orc sorcerer for 6 turns
 22667 | Orc:2    | Gained mutation: Your magical capacity is low. (-10% MP) [a neqoxec]
 22761 | Orc:2    | Found Duedeg's Book Boutique.
 22761 | Orc:2    | Found Beawas Oseb's Antique Weapon Shop.
 22761 | Orc:2    | Found a one-way gate leading to the halls of Pandemonium.
 22909 | Orc:1    | Noticed Erolcha
 22915 | Orc:1    | Killed Erolcha
 22915 | Orc:1    | Received a gift from Okawaru
 22960 | Orc:1    | Found a roughly hewn altar of Beogh.
 23278 | Orc:1    | Found a roughly hewn altar of Beogh.
 23703 | Swamp:1  | Entered Level 1 of the Swamp
 24857 | Swamp:2  | Noticed a thorn hunter
 24905 | Swamp:2  | Killed a thorn hunter
 24905 | Swamp:2  | Reached skill level 15 in Fighting
 25878 | Swamp:3  | Received a gift from Okawaru
 26459 | Swamp:3  | Reached XP level 17. HP: 113/113 MP: 19/19
 26552 | Swamp:4  | Entered Level 4 of the Swamp
 26589 | Swamp:4  | Received a gift from Okawaru
 26947 | Swamp:4  | Reached skill level 15 in Armour
 26955 | Swamp:4  | Noticed Bai Suzhen
 27587 | Swamp:4  | Reached skill level 15 in Shields
 27959 | Swamp:4  | Killed Bai Suzhen
 28016 | Swamp:4  | Got a decaying rune of Zot
 28238 | Snake:1  | Entered Level 1 of the Snake Pit
 28517 | Snake:1  | Found Atiff's Book Shoppe.
 28522 | Snake:1  | Found Xaceitwa's Armour Shoppe.
 28543 | Snake:1  | Noticed Aizul
 28880 | Snake:1  | Received a gift from Okawaru
 28960 | Snake:1  | Reached skill level 16 in Fighting
 28985 | Snake:1  | Killed Aizul
 29280 | Snake:2  | Noticed Jorgrun
 29310 | Snake:2  | Killed Jorgrun
 29459 | Snake:2  | Reached XP level 18. HP: 116/120 MP: 21/21
 29539 | Snake:2  | Reached skill level 5 in Evocations
 29892 | Snake:2  | Noticed Frances
 29903 | Snake:2  | Killed Frances
 29903 | Snake:2  | Received a gift from Okawaru
 30030 | Snake:2  | Found Ifobbuim's Jewellery Emporium.
 30030 | Snake:2  | Found Isip's Gadget Boutique.
 30031 | Snake:2  | Found Fialom's Jewellery Emporium.
 30037 | Snake:2  | Bought the amulet "Wemuoph" {RegenMP +Blink rF+ rN+ Dex+4} for 1144 gold pieces
 30118 | Snake:2  | Found Roagerr's Jewellery Shop.
 30126 | Snake:2  | Bought a +4 ring of dexterity for 486 gold pieces
 30204 | Snake:2  | Found Gupos's Assorted Antiques.
 30212 | Snake:2  | Bought a twisted plate armour for 1008 gold pieces
 30212 | Snake:2  | Identified the +0 plate armour "Kyqy" {Int+2} (You bought it in a shop on level 2 of the Snake Pit)
 30222 | Snake:2  | Gained mutation: You are partially covered in slimy green scales. (AC +2) [potion of mutation]
 30222 | Snake:2  | Lost mutation: You are weak. (Str -2) [potion of mutation]
 30222 | Snake:2  | Gained mutation: You have a somewhat thin skeletal structure. (Dex +2, Stealth) [potion of mutation]
 30248 | Snake:2  | Noticed Kirke
 30267 | Snake:2  | Killed Kirke
 30456 | Snake:2  | Identified a scroll of acquirement
 31317 | Snake:4  | Entered Level 4 of the Snake Pit
 31404 | Snake:4  | Received a gift from Okawaru
 31428 | Snake:4  | Identified the +1 pair of gloves of Resourcefulness {*Slow MR+ Stlth+} (Okawaru gifted it to you on level 4 of the Snake Pit)
 31917 | Snake:4  | Reached skill level 10 in Dodging
 32584 | Snake:4  | Received a gift from Okawaru
 32624 | Snake:4  | Reached skill level 15 in Maces & Flails
 32624 | Snake:4  | Reached XP level 19. HP: 65/127 MP: 17/22
 32758 | Snake:4  | Reached skill level 17 in Fighting
 33510 | Snake:4  | Got a serpentine rune of Zot
 33520 | Snake:4  | Identified the +1 chain mail of the Unseen Realm {rElec rC+ Str+2} (You found it on level 4 of the Snake Pit)
 33824 | Vaults:1 | Entered Level 1 of the Vaults
 33852 | Vaults:1 | Paralysed by a wizard for 3 turns
 34245 | Vaults:1 | Received a gift from Okawaru
 34321 | Vaults:1 | Got a distressingly furry cloak {god gift}
 34332 | Vaults:1 | Identified the +0 cloak of Henotheism {rPois Int+4} (Okawaru gifted it to you on level 1 of the Vaults)
 35824 | Vaults:2 | Found a portal to a secret trove of treasure.
 36063 | Vaults:2 | Reached XP level 20. HP: 126/135 MP: 24/24
 36558 | Vaults:2 | Received a gift from Okawaru
 36992 | Vaults:2 | Found a staircase to the Crypt.
 38364 | Vaults:3 | Reached skill level 18 in Fighting
 38412 | Vaults:3 | Received a gift from Okawaru
 38777 | Vaults:3 | Noticed Sojobo
 38783 | Vaults:3 | Noticed Mennas
 38858 | Vaults:3 | Killed Sojobo
 38941 | Vaults:3 | Killed Mennas
 38994 | Vaults:3 | Reached skill level 10 in Invocations
 39335 | Vaults:3 | Reached XP level 21. HP: 68/141 MP: 19/25
 39557 | Vaults:3 | Received a gift from Okawaru
 39778 | Vaults:3 | Slain by a vault warden

Skill      XL: |  1  2  3  4  5  6  7  8  9 10 11 12 13 14 15 16 17 18 19 20 21 |
---------------+----------------------------------------------------------------+-----
Dodging        | 1 4 5 6 7 8 9 10 11 | 11.0
Maces & Flails | 3 6 7 8 9 10 11 12 13 14 15 16 | 16.6
Shields        | 4 7 8 9 10 11 12 13 14 15 16 17 | 17.8
Fighting       | 4 7 8 9 10 11 12 13 14 15 16 17 18 | 18.4
Armour         | 7 8 9 10 11 12 13 14 15 16 17 | 17.8
Invocations    | 3 5 6 7 8 9 10 | 10.2
Evocations     | 2 3 4 5 6 7 |  7.9
Stealth        | |  0.2

Action                   |  1- 3 |  4- 6 |  7- 9 | 10-12 | 13-15 | 16-18 | 19-21 || total
-------------------------+-------+-------+-------+-------+-------+-------+-------++-------
Melee: Flail             |   170 |   212 |   142 |       |       |       |       ||   524
       Whip              |       |       |   166 |   695 |  2449 |  2721 |  2386 ||  8417
Invok: Heroism           |       |       |       |     1 |     1 |     3 |       ||     5
       Finesse           |       |       |       |     1 |       |     3 |     9 ||    13
 Abil: Fly               |       |       |       |       |     1 |       |       ||     1
       Evoke Blink       |       |       |       |       |     1 |     2 |     5 ||     8
       Stop Flying       |       |       |       |       |       |       |     1 ||     1
Evoke: Wand              |       |       |       |       |     1 |     2 |     1 ||     4
  Use: Scroll            |     3 |     4 |     4 |     5 |    14 |    14 |     7 ||    51
       Potion            |     2 |     5 |     3 |     1 |    10 |     5 |    10 ||    36
 Stab: Petrified         |       |       |       |     8 |       |       |       ||     8
       Confused          |       |       |       |       |       |     1 |       ||     1
  Eat: Chunk             |     1 |     4 |    10 |    18 |    43 |    32 |    17 ||   125
       Royal jelly       |       |       |       |       |       |     1 |     5 ||     6
Armor: Scale mail        |   111 |   100 |    87 |       |       |       |       ||   298
       Plate armour      |       |       |    29 |   244 |   550 |   979 |   472 ||  2274
       Chain mail        |       |       |     2 |       |       |       |       ||     2
Dodge: Dodged            |    78 |    75 |   113 |   273 |   809 |  1048 |   586 ||  2982
Block: Shield            |   117 |   135 |   170 |   387 |  1351 |   540 |       ||  2700
       Large shield      |       |       |       |       |       |  1766 |  1865 ||  3631
       Reflection        |       |       |       |       |       |   140 |   126 ||   266
